 Dungeon Crawl Stone Soup version 0.30-a0-365-ge7f957f1db (webtiles) character file.

Game seed: 6691366119567211443

640 sanka the Summoner (level 7, -2/53 (56) HPs)
             Began as a Green Draconian Summoner on Nov 16, 2022.
             Was an Initiate of Sif Muna.
             Slain by an ogre
             ... wielding a +0 giant club
              (6 damage)
             ... on level 5 of the Dungeon.
             The game lasted 00:11:22 (4936 turns).

sanka the Summoner (Green Draconian Summoner)       Turns: 4936, Time: 00:11:23

HP:   -2/53 (56)    AC:  7    Str: 10    XL:     7   Next: 26%
MP:   3/10          EV: 12    Int: 18    God:    Sif Muna [......]
Gold: 121           SH:  0    Dex: 11    Spells: 4/10 levels left

rFire   . . .      SeeInvis .    x - +4 quarterstaff (chaos)
rCold   . . .      Faith    +    (shield currently unavailable)
rNeg    . . .      Spirit   .    (body armour unavailable)
rPois   +          Reflect  .    (helmet restricted)
rElec   .          Harm     .    w - +0 cloak
rCorr   .          Rampage  .    (no gloves)
Will    .....                    (no boots)
Stlth   ++........               z - amulet of faith
HPRegen 0.28/turn                (no ring)
MPRegen 0.12/turn                (no ring)

@: drained
A: breathe noxious fumes, AC +6, unfitting armour, poison resistance,
cold-blooded
a: Breathe Noxious Fumes, Renounce Religion


You were on level 5 of the Dungeon.
You worshipped Sif Muna.
Sif Muna was noncommittal.
You visited 1 branch of the dungeon, and saw 6 of its levels.

You collected 275 gold pieces.
You spent 154 gold pieces at shops.


Innate Abilities, Weirdness & Mutations

You can breathe blasts of noxious fumes.
Your lurid green scales are hard. (AC +6)
You cannot fit into any form of body armour.
Your system is resistant to poisons. (rPois)
You are cold-blooded and may be slowed by cold attacks.


   Skills:
 + Level 2.7 Fighting
 + Level 3.0 Dodging
 - Level 1.7 Stealth
 - Level 2.0 Spellcasting
 - Level 8.0 Summonings


You had 4 spell levels left.
You knew the following spells:

 Your Spells              Type           Power      Damage    Failure   Level
c - Call Canine Familiar  Summ           30%        N/A       1%          3
x - Call Imp              Summ           30%        N/A       1%          2
z - Summon Small Mammal   Summ           100%       N/A       1%          1

Your spell library contained the following spells:

 Spells                   Type           Power      Damage    Failure   Level
 Summon Guardian Golem    Hex/Summ       16%        N/A       11%         3
 Sting                    Tmut/Pois      4%         1d3       19%         1
 Poisonous Vapours        Pois/Air       2%         N/A       26%         2
 Summon Lightning Spire   Summ/Air       16%        N/A       34%         4
 Ignite Poison            Fire/Tmut/Pois 1%         N/A       47%         3
 Kindle Blastsparks       Fire/Tloc/Air  2%         2d10      47%         3
 Olgreb's Toxic Radiance  Pois           1%         N/A       87%         4
 Freezing Cloud           Conj/Ice/Air   0%         6-21      99%         5

Inventory:

Hand Weapons
 c - a +0 flail
 t - a +1 whip of venom
 x - a +4 quarterstaff of chaos (weapon)
Armour
 o - a scarf of invisibility
 w - a +0 cloak (worn)
Magical Staves
 m - a staff of death
Jewellery
 z - an amulet of faith (around neck)
Wands
 u - a wand of polymorph (3)
Scrolls
 g - a scroll of magic mapping {unknown}
 h - a scroll of acquirement {unknown}
 i - 2 scrolls of fear
 j - a scroll of noise {unknown}
 k - a scroll of enchant weapon {unknown}
 l - 2 scrolls of teleportation {@r4}
 r - 3 scrolls of identify {unknown}
 s - a scroll of vulnerability {unknown}
 v - a scroll of enchant armour {unknown}
 y - a scroll of butterflies {unknown}
Potions
 a - a potion of magic
 b - a potion of curing {unknown}
 d - 2 potions of mutation {unknown}
 e - 2 potions of attraction {unknown}
 f - a potion of ambrosia {unknown}
 n - a potion of cancellation {unknown}
 p - 3 potions of heal wounds {@q2}
 q - a potion of lignification {!q}

Dungeon Overview and Level Annotations

Branches:
Dungeon (6/15)
 Temple: D:4-7

Altars:
Okawaru
Sif Muna
Trog
Zin

Shops:
D:3

** .................▒▒▒ ▒..
.[.................▒▒▒▒▒▒..▒
.....................▒▒...▒
.........................▒
........................▒▒
.........................▒▒
................>.........▒
................hO........▒▒
..........▒▒....d........).▒▒
..........▒▒▒...............▒▒ ▒
▒.........<.▒................▒▒▒.
▒▒....†..........▒▒▒▒▒▒▒▒▒.......
▒..............▒▒ ▒▒▒.....
▒................▒▒ ▒▒..▒▒
..................▒▒ ▒..▒▒
...................▒ ▒..▒▒
.▒.................▒▒ ▒▒...▒


You could see a black bear and an ogre.


Message History

Your hound bites the wight.
The wight hits your hound with a +2 short sword.
Your hound bites the wight.
The wight hits your hound but does no damage.
Your hound bites the wight.
The wight is destroyed!
Sif Muna accepts your kill.
Your Dodging skill increases to level 3!
There is a stone staircase leading up here.
You climb upwards.
Your summoned ally is left behind.
The ogre closely misses you. The black bear closely misses you.
The black bear claws you.
* * * LOW HITPOINT WARNING * * *
The black bear claws you but does no damage.
There is a stone staircase leading down here.
Unknown command.
Use which ability? (? or * to list)
Aiming: Breathe Noxious Fumes (5% risk of failure)
Aim: a black bear (70% to hit)
Okay, then.
The black bear bites you.
* * * LOW HITPOINT WARNING * * *
The black bear claws you.
* * * LOW HITPOINT WARNING * * *
The black bear claws you but does no damage.
The ogre attacks as you move away! The ogre hits you with a +0 giant club.
You die...

Action                   |  1- 3 |  4- 6 |  7- 9 || total
-------------------------+-------+-------+-------++-------
Melee: Flail             |    45 |    11 |       ||    56
       Unarmed           |     2 |       |       ||     2
       Tailslap          |     3 |    11 |     1 ||    15
       Punch             |     1 |       |       ||     1
       Whip              |       |    77 |       ||    77
       Quarterstaff      |       |     7 |     5 ||    12
 Cast: Summon Small Mamm |    11 |       |       ||    11
       Call Imp          |    11 |    10 |     2 ||    23
       Call Canine Famil |     3 |    13 |     5 ||    21
  Use: Scroll            |       |     1 |       ||     1
 Stab: Sleeping          |     1 |     2 |       ||     3
Armor: Skin              |    19 |    29 |     3 ||    51
Dodge: Dodged            |    41 |    56 |    12 ||   109

Levels and vault maps discovered:
D:1:      amcnicky_arrival_abandoned_market, layout_loops_corners
D:2:      layout_rooms, hellmonk_ecumenical_altar_run_dry, st_stairs_6,
          uniq_crazy_yiuf_cottage, uniq_natasha
D:3:      layout_basic, zin_purify, serial_shops, nicolae_shop_crystal
D:4:      layout_basic, grunt_temple_overflow_bloody_war,
          nicolae_sif_muna_little_library
D:5:      layout_layer_cave, chei_slow_surprise
D:6:      layout_loops_cross, serial_shops, nicolae_shop_hallway_stairs,
          serial_park_tiny_2, uniq_grinder

Notes
Turn   | Place    | Note
-------+----------+-------------------------------------------
     0 | D:1      | sanka the Draconian Summoner began the quest for the Orb.
     0 | D:1      | Reached XP level 1. HP: 14/14 MP: 3/3
   709 | D:1      | Reached XP level 2. HP: 20/20 MP: 3/5
   712 | D:1      | Learned a level 2 spell: Call Imp
  1422 | D:2      | Found a faded altar of an unknown god.
  1543 | D:2      | Found a runed translucent door.
  1544 | D:2      | Noticed Crazy Yiuf
  1623 | D:2      | Noticed Natasha
  1628 | D:2      | Noticed a crimson imp
  1633 | D:2      | Noticed a crimson imp
  1636 | D:2      | Noticed a crimson imp
  1889 | D:3      | Reached skill level 5 in Summonings
  1890 | D:3      | Reached XP level 3. HP: 26/26 MP: 3/6
  1894 | D:3      | Learned a level 3 spell: Call Canine Familiar
  1896 | D:3      | Found Letal's General Store.
  1915 | D:3      | Bought a potion of heal wounds for 70 gold pieces
  1915 | D:3      | Bought a potion of lignification for 42 gold pieces
  2161 | D:3      | Found Zin's Purification Station.
  2166 | D:3      | Found a glowing silver altar of Zin.
  2215 | D:3      | Reached XP level 4. HP: 33/33 MP: 1/7
  2752 | D:3      | Bought a scroll of teleportation for 42 gold pieces
  2895 | D:2      | Killed Natasha
  2896 | D:2      | Reached skill level 6 in Summonings
  3173 | D:2      | Killed Crazy Yiuf
  3268 | D:2      | Found a faded altar of an unknown god.
  3502 | D:2      | Noticed Natasha
  3521 | D:2      | Killed Natasha
  3522 | D:2      | Reached XP level 5. HP: 38/38 MP: 0/8
  3666 | D:2      | Noticed Natasha
  3681 | D:2      | Killed Natasha
  4020 | D:4      | Found a shimmering blue altar of Sif Muna.
  4037 | D:4      | Found a bloodstained altar of Trog.
  4037 | D:4      | Found an iron altar of Okawaru.
  4074 | D:4      | Became a worshipper of Sif Muna the Loreminder
  4107 | D:4      | Noticed a black bear
  4115 | D:4      | Killed a black bear
  4116 | D:4      | Reached skill level 7 in Summonings
  4116 | D:4      | Reached XP level 6. HP: 45/45 MP: 3/9
  4507 | D:5      | Entered Level 5 of the Dungeon
  4672 | D:5      | Reached skill level 8 in Summonings
  4672 | D:5      | Reached skill level 1 in Fighting
  4672 | D:5      | Reached skill level 2 in Dodging
  4711 | D:6      | Reached skill level 2 in Fighting
  4711 | D:6      | Your scales start taking on a lurid green colour.
  4711 | D:6      | Reached XP level 7. HP: 23/55 MP: 5/10
  4711 | D:6      | Gained mutation: Your system is resistant to poisons.
                  | (rPois) [Green Draconian growth]
  4924 | D:6      | Reached skill level 3 in Dodging
  4935 | D:5      | HP: 5/53 [black bear (2)]
  4936 | D:5      | Slain by an ogre

Vanquished Creatures
  A black bear (D:4)
  A phantom (D:5)
  A scorpion (D:5)
  A wight (D:6)
  A jelly (D:6)
  A hound (D:5)
  An iguana (D:5)
  Natasha (D:2)
  An ufetubus (D:4)
  A worm (D:3)
  A dart slug (D:4)
  7 orcs
  3 bats
  4 endoplasms
  A giant cockroach (D:2)
  2 goblins (D:3)
  4 hobgoblins
  A quokka (D:2)
  3 ball pythons
  A kobold (D:3)
  3 rats
40 creatures vanquished.

Vanquished Creatures (collateral kills)
  A wight (D:6)
  Crazy Yiuf (D:2)
  Natasha (twice) (D:2)
  An orc wizard (D:3)
  2 adders
  4 orcs
  An endoplasm (D:3)
  A giant cockroach (D:1)
  2 goblins
  A hobgoblin (D:2)
  3 jackals (D:3)
  2 quokkas
  3 ball pythons
  A frilled lizard (D:2)
  3 kobolds
28 creatures vanquished.

Vanquished Creatures (others)
  An orc wizard (D:3)
1 creature vanquished.

Grand Total: 69 creatures vanquished
